 Dungeon Crawl Stone Soup version 0.17.0-9-g801d43b (webtiles) character file.

2860 Sheev the Quickloader (level 10, -7/67 HPs)
             Began as a Formicid Hunter on Nov 10, 2015.
             Was a Priest of Cheibriados.
             Mangled by a seven-headed hydra (9 damage)
             ... on level 8 of the Dungeon.
             The game lasted 00:54:40 (8985 turns).

Sheev the Quickloader (Formicid Hunter)             Turns: 8985, Time: 00:54:40

Health: -7/67      AC: 14    Str: 23    XL:     10   Next: 4%
Magic:  7/10       EV:  4    Int: 19    God:    Cheibriados [***...]
Gold:   51         SH:  8    Dex: 21    Spells: 0 memorised, 9 levels left

rFire  . . .     SeeInvis +     a - +2 hand crossbow
rCold  . . .     Clarity  .     R - +0 plate armour
rNeg   + . .     SustAt   .     H - +0 shield (curse)
rPois  +         Gourm    .     (helmet unavailable)
rElec  .         Spirit   .     (no cloak)
rCorr  .         Warding  +     A - +2 pair of gloves {archery}
rMut   .         Stasis   +     l - +0 pair of boots
MR     ++...                    o - amulet of warding
Stlth  ..........               u - ring of poison resistance
                                w - ring of protection from magic

@: very slow, very resistant to hostile enchantments, extremely unstealthy
A: permanent stasis, dig shafts and tunnels, four strong arms, antennae 3
a: Dig, Shaft Self, Bend Time, Temporal Distortion, Renounce Religion


You were on level 8 of the Dungeon.
You worshipped Cheibriados.
Cheibriados was most pleased with you.
You were hungry.

You visited 2 branches of the dungeon, and saw 9 of its levels.
You also visited: Bailey.

You collected 399 gold pieces.
You spent 348 gold pieces at shops.

Inventory:

Hand Weapons
 a - a +2 hand crossbow (weapon)
 b - the +8 flail of Dishonour {drain, *Noise rElec Str+4 SInv}
   (You found it on level 4 of the Dungeon)

   A truly terrible weapon, it drains the life of those it strikes.
   It affects your strength (+4).
   It insulates you from electricity.
   It lets you see invisible.
   It may make noises in combat.
 G - a cursed -3 dagger
 I - a +2 dagger of holy wrath
Missiles
 c - 29 bolts (quivered)
Armour
 l - a +0 pair of boots (worn)
 A - a +2 pair of gloves of archery (worn)
 H - a cursed +0 shield (worn)
 P - a +2 shield
 R - a +0 plate armour (worn)
Magical Staves
 K - an uncursed staff of poison {unknown}
Jewellery
 o - an amulet of warding (around neck)
 u - a ring of poison resistance (right hand)
 w - a ring of protection from magic (left hand)
Wands
 f - a wand of magic darts (15)
 s - a wand of fire (11)
 y - a wand of disintegration (14)
 z - a wand of draining (9)
 D - a wand of disintegration (12)
 E - a wand of paralysis (24)
Scrolls
 j - 5 scrolls of identify
 v - a scroll of magic mapping
Potions
 h - 2 potions of brilliance {unknown}
 i - a potion of resistance {unknown}
 k - 10 potions of curing
 m - 3 potions of might
 n - a potion of ambrosia {unknown}
 p - a potion of poison
 q - 2 potions of invisibility {unknown}
 B - a potion of agility
 C - 3 potions of heal wounds {unknown}
 F - a potion of degeneration {unknown}
 J - a potion of haste {unknown}
 L - a potion of lignification {unknown}
 O - a potion of magic {unknown}
 S - a potion of experience {unknown}
Books
 N - a book of Maledictions

   Spells                             Type                      Level
   a - Corona                         Hexes                        1
   b - Ensorcelled Hibernation        Hexes/Ice                    2
   c - Confuse                        Hexes                        3
   d - Tukima's Dance                 Hexes                        3
   e - Dazzling Spray                 Conjuration/Hexes            3
Comestibles
 d - 4 beef jerkies
 e - 9 bread rations
 g - 5 meat rations
 r - 7 fruits
 t - a slice of pizza


   Skills:
 - Level 2.1 Fighting
 + Level 8.8 Maces & Flails
 - Level 10.5 Crossbows
 - Level 1.7 Dodging
 - Level 1.2 Stealth


You had 9 spell levels left.
You didn't know any spells.

Dungeon Overview and Level Annotations

Branches:
Dungeon (8/15)             Temple (1/1) D:6            Lair (0/8) D:8

Altars:
Cheibriados
Dithmenos
Elyvilon
Fedhas
Kikubaaqudgha
Makhleb
Okawaru
Ru
Sif Muna
Trog
Xom
Yredelemnul
Zin
The Shining One

Shops:
D:4 }   D:5 [   D:6 [(?


Innate Abilities, Weirdness & Mutations

You are under a permanent stasis effect.
You can dig through walls and to a lower floor.
Your four strong arms can wield two-handed weapons with a shield.
You have a pair of large antennae on your head (SInv).


Message History

The seven-headed hydra completely misses you.
The seven-headed hydra bites you!
You block the seven-headed hydra's attack.
The seven-headed hydra bites you but does no damage.
The seven-headed hydra bites you. The seven-headed hydra bites you!
* * * LOW HITPOINT WARNING * * *
You block the seven-headed hydra's attack.
The seven-headed hydra bites you but does no damage.
Okay, then.
The flow of time bends around you.
The seven-headed hydra easily resists.
You feel slightly more hungry. The seven-headed hydra bites you.
* * * LOW HITPOINT WARNING * * *
The seven-headed hydra bites you!
* * * LOW HITPOINT WARNING * * *
The seven-headed hydra bites you but does no damage. x2
The seven-headed hydra bites you.
* * * LOW HITPOINT WARNING * * *
You block the seven-headed hydra's attack.
The seven-headed hydra bites you!
You die...

#.########....,,,#...
#.#..,,,,,####**,#...
#.#.###***,,,,,*,#...
#.#.#..,,,****,*,#...
#.#.#.####,,,*,*,#...
#.#.#.#..,##,*,*,#...
#.#.#.#.##(#.#,*,#...
#.#.#§#§#!/$#,*,#.#..
#...@Da#§#,**,*,#.#..
##..#§#§#D#*,,,*,#.#..
#...#.#.#..,****,#.#..
#...#.#.####,,,,{*,#..
#...#.#..,,,******,#..
#...#.######,,,,,,,#..
#...#.......########..
#...########..........
#.....................


You could see a seven-headed hydra and a worker ant.

Vanquished Creatures
  Pikel (D:7)
  The ghost of Sheev the Bolt Thrower, an amateur FoHu (D:4)
  2 ice beasts
  2 slaves (D:7)
  A sky beast (D:5)
  An orc warrior (Bailey)
  A crocodile (D:8)
  4 ogres
  3 scorpions
  4 killer bees (D:7)
  6 crimson imps
  An orc priest (D:5)
  A gnoll shaman (D:5)
  A giant frog skeleton (D:7)
  Ijyb (D:2)
  2 hounds
  2 iguanas
  A giant frog zombie (D:5)
  Jessica (D:2)
  6 worker ants
  2 orc wizards
  A worker ant zombie (D:5)
  20 gnolls
  A river rat (D:8)
  3 shadow imps
  8 adders
  An ooze (D:2)
  An adder zombie (D:7)
  An adder skeleton (D:5)
  3 worms
  8 giant geckos
  12 orcs
  2 ball pythons (D:2)
  6 giant cockroaches
  5 goblins
  18 hobgoblins
  4 jackals (D:7)
  3 quokkas
  12 bats
  3 giant newts
  2 jackal skeletons (D:4)
  21 kobolds
  A quokka skeleton (D:7)
  2 quokka zombies
  5 rats
187 creatures vanquished.

Vanquished Creatures (others)
  A slave (D:7)
1 creature vanquished.

Grand Total: 188 creatures vanquished

Notes
Turn   | Place    | Note
--------------------------------------------------------------
     0 | D:1      | Sheev the Formicid Hunter began the quest for the Orb.
     0 | D:1      | Reached XP level 1. HP: 16/16 MP: 1/1
   234 | D:1      | Reached XP level 2. HP: 17/22 MP: 2/2
   795 | D:1      | Reached XP level 3. HP: 24/27 MP: 3/3
  1196 | D:2      | Reached skill level 5 in Crossbows
  1591 | D:2      | Noticed Jessica
  1607 | D:2      | Killed Jessica
  1607 | D:2      | Reached XP level 4. HP: 19/33 MP: 4/4
  2015 | D:2      | Noticed Ijyb
  2035 | D:2      | Killed Ijyb
  2035 | D:2      | Reached XP level 5. HP: 36/38 MP: 5/5
  2079 | D:2      | Reached skill level 6 in Crossbows
  3008 | D:3      | Found a shadowy altar of Dithmenos.
  3732 | D:3      | Reached XP level 6. HP: 31/44 MP: 6/6
  3844 | D:3      | Reached skill level 7 in Crossbows
  4117 | D:4      | Noticed Sheev's ghost (amateur FoHu)
  4132 | D:4      | Killed Sheev's ghost
  4267 | D:4      | Reached XP level 7. HP: 48/50 MP: 7/7
  4321 | D:4      | Found Ysiuk's Gadget Shop.
  4324 | D:4      | Reached skill level 8 in Crossbows
  4343 | D:4      | Got a faintly glowing flail
  4344 | D:4      | Identified the +8 flail of Dishonour {drain, *Noise rElec Str+4 SInv} (You found it on level 4 of the Dungeon)
  4798 | D:5      | Entered Level 5 of the Dungeon
  4852 | D:5      | Found Noilua's Antique Armour Emporium.
  4855 | D:5      | Bought a pair of glowing gloves for 112 gold pieces
  4946 | D:5      | Reached skill level 9 in Crossbows
  5206 | D:5      | Reached XP level 8. HP: 52/56 MP: 8/8
  5380 | D:5      | Reached skill level 10 in Crossbows
  5759 | D:5      | Found a shimmering altar of Xom.
  5785 | D:5      | Reached skill level 1 in Maces & Flails
  5960 | D:5      | Bought a shield for 112 gold pieces
  5986 | D:6      | Found Bathi's Antique Weapon Boutique.
  6056 | D:6      | Found a staircase to the Ecumenical Temple.
  6064 | Temple   | Entered the Ecumenical Temple
  6076 | Temple   | Became a worshipper of Cheibriados the Contemplative
  6150 | D:6      | Found a blossoming altar of Fedhas.
  6184 | D:6      | Found a burning altar of Makhleb.
  6216 | D:6      | Found Dehelel's Antique Armour Emporium.
  6222 | D:6      | Reached XP level 9. HP: 52/61 MP: 9/9
  6232 | D:6      | Bought a robe for 16 gold pieces
  6315 | D:6      | Found a white marble altar of Elyvilon.
  6382 | D:6      | Found Vecoj's Magic Scroll Shop.
  6551 | D:6      | Found an ancient bone altar of Kikubaaqudgha.
  6957 | D:7      | Found a glowing silver altar of Zin.
  6979 | D:7      | Reached * piety under Cheibriados
  7095 | D:7      | Noticed Pikel
  7108 | D:7      | Reached skill level 5 in Maces & Flails
  7528 | D:7      | Killed Pikel
  8159 | D:6      | Bought a runed shield for 108 gold pieces
  8390 | D:8      | Found a flagged portal.
  8400 | Bailey   | Entered a bailey
  8405 | Bailey   | Reached ** piety under Cheibriados
  8546 | Bailey   | Reached XP level 10. HP: 50/67 MP: 10/10
  8573 | Bailey   | Reached *** piety under Cheibriados
  8972 | D:8      | Noticed a seven-headed hydra
  8985 | D:8      | HP: 2/67 [seven-headed hydra (4)]
  8985 | D:8      | Mangled by a seven-headed hydra

Action                   |  1- 3 |  4- 6 |  7- 9 | 10-12 || total
-------------------------+-------+-------+-------+-------++-------
Melee: Short sword       |   171 |    17 |       |       ||   188
       Spear             |       |   124 |       |       ||   124
       Flail             |       |       |   220 |    21 ||   241
 Fire: Hand crossbow     |    13 |    72 |    75 |     3 ||   163
Invok: Bend Time         |       |       |       |     1 ||     1
 Abil: Dig               |       |       |     3 |     2 ||     5
  Use: Potion            |       |     5 |       |       ||     5
       Scroll            |       |     6 |     8 |     1 ||    15
  Eat: Chunk             |     2 |     9 |    12 |       ||    23
